 Dungeon Crawl Stone Soup version 0.30.1-11-g7821555f0a (webtiles) character file.

Game seed: 18232624722354274762

1577 Marvel the Cleaver (level 8, -2/68 (71) HPs)
             Began as a Hill Orc Fighter on Dec 20, 2023.
             Slain by Maggie
             ... wielding a +1 glaive of draining
              (3 damage)
             ... on level 6 of the Dungeon.
             The game lasted 00:08:24 (5006 turns).

Marvel the Cleaver (Hill Orc Fighter)               Turns: 5006, Time: 00:08:24

HP:   -2/68 (71)    AC: 12    Str: 21    XL:     8   Next: 91%
MP:   0/8           EV:  6    Int:  8    God:
Gold: 290           SH:  4    Dex: 10    Spells: 7/7 levels left

rFire   . . .        a - +0 war axe
rCold   . . .        c - +0 buckler
rNeg    . . .        h - +0 plate armour
rPois   .            (no helmet)
rElec   .            (no cloak)
rCorr   .            (no gloves)
SInv    .            (no boots)
Will    .....        k - amulet of guardian spirit Stlth
                     (no ring)
HPRegen 0.31/turn    (no ring)
MPRegen 0.11/turn

%: guardian spirit
@: brilliant, mesmerised, lightly drained
A: no striking features
a: no special abilities


You were on level 6 of the Dungeon.
You visited 1 branch of the dungeon, and saw 6 of its levels.

You collected 290 gold pieces.

Inventory:

Hand Weapons
 a - a +0 war axe (weapon)
 u - a +3 rapier of venom
Missiles
 n - 11 stones
 t - 13 poisoned darts (quivered)
Armour
 b - a +0 scale mail
 c - a +0 buckler (worn)
 h - a +0 plate armour (worn)
Jewellery
 k - an amulet of guardian spirit (around neck)
Scrolls
 e - 4 scrolls of teleportation {unknown}
 f - a scroll of summoning {unknown}
 g - a scroll of vulnerability {unknown}
 j - 8 scrolls of identify {unknown}
 l - a scroll of fog {unknown}
 m - 2 scrolls of noise {unknown}
 v - 3 scrolls of blinking {unknown}
 w - a scroll of torment {unknown}
Potions
 d - a potion of might
 i - 5 potions of curing
 p - a potion of flight {unknown}
 q - 4 potions of magic {unknown}
 r - 2 potions of haste {unknown}


   Skills:
 + Level 6.5 Fighting
 + Level 10.5 Axes
 + Level 2.2 Throwing
 - Level 5.9 Armour
 - Level 4.4 Shields


You had 7 spell levels left.
You didn't know any spells.
Your spell library contained the following spells:

 Spells                   Type           Power      Damage    Failure   Level
 Sting                    Tmut/Pois      0%         1d3       100%        1
 Scorch                   Fire           0%         2d5       100%        2
 Flame Wave               Conj/Fire      0%         2d4       100%        4
 Summon Cactus Giant      Summ           0%         N/A       100%        6


Dungeon Overview and Level Annotations

Branches:
Dungeon (6/15)
 Temple: D:4-7

Altars:
Fedhas
Gozag
Kikubaaqudgha

Shops:
D:1 [

Annotations:
D:6 Maggie


Message History

Press: ? - help, Q - select action, (/) - cycle Shift-Dir - straight line, f/p - Maggie
Aim: Maggie, wielding a +1 glaive of draining and wearing +0 acid dragon scales (lightly wounded, very poisoned, 60% to hit)
You throw a poisoned dart. The poisoned dart hits Maggie.
Maggie looks even sicker.
Maggie is lightly wounded.
Throw: 14 darts (poison)
Press: ? - help, Q - select action, (/) - cycle Shift-Dir - straight line, f/p - Maggie
Aim: Maggie, wielding a +1 glaive of draining and wearing +0 acid dragon scales (lightly wounded, very poisoned, 60% to hit)
You throw a poisoned dart. The poisoned dart hits Maggie.
Maggie looks as sick as possible!
Maggie is lightly wounded.
Maggie points at you and mumbles some strange words.
The bolt of fire hits you!!
Maggie gives herself a magical halo, but it quickly sputters out.
You block Maggie's attack.
Maggie hits you with a +1 glaive of draining!
* * * LOW HITPOINT WARNING * * *
You feel drained.
* * * LOW HITPOINT WARNING * * *
You slash Maggie!
Maggie is moderately wounded.
Maggie closely misses you.
It was a potion of curing.
You feel better.
Maggie mumbles some strange words.
Maggie attempts to bespell you!
You are mesmerised by Maggie!
You hit Maggie but do no damage.
Maggie is heavily wounded.
You block Maggie's attack.
You barely miss Maggie.
Maggie is heavily wounded.
Maggie gestures at you while chanting. The bolt of fire hits you!!
* * * LOW HITPOINT WARNING * * *
It was a potion of brilliance.
You feel clever all of a sudden.
Maggie hits you with a +1 glaive of draining!
* * * LOW HITPOINT WARNING * * *
You feel drained.
You die...

..≈≈~≈≈.....###..............
..~~♣~~†................##.._.
..≈≈~≈≈......######.##### ....
...≈~≈.......## #..# ...
#.............## ##.#
##.......#.#...#####.#
###...............#
####.....###......# #........#
#..$@..# #.#....#.# ##..@..#
#......#..# ###(..#
.....####...# #(.## ...#.#
#.#.# ...# ...#.# #.#.# .((.
...#.# ##..# ###..# ..#


You could see Maggie (mesmerising, very poisoned).

Vanquished Creatures
  Edmund (D:5)
  2 black bears
  4 ogres
  2 phantoms (D:5)
  Blork the orc (D:5)
  A bullfrog (D:6)
  2 scorpions
  5 hounds
  An orc wizard (D:5)
  3 iguanas (D:5)
  A sleepcap (D:5)
  3 gnolls (D:5)
  5 adders
  An ufetubus (D:5)
  A worm (D:2)
  4 dart slugs
  6 orcs
  4 bat zombies (D:4)
  6 endoplasms
  4 giant cockroaches
  7 goblins
  9 hobgoblins
  3 quokkas
  4 ball pythons
  9 bats
  3 frilled lizards
  6 kobolds
  3 rats (D:3)
  2 rat zombies (D:4)
103 creatures vanquished.

Vanquished Creatures (others)
  Eustachio (D:5)
1 creature vanquished.

Grand Total: 104 creatures vanquished

Notes
Turn   | Place    | Note
-------+----------+-------------------------------------------
     0 | D:1      | Marvel the Hill Orc Fighter began the quest for the Orb.
     0 | D:1      | Reached XP level 1. HP: 19/19 MP: 1/1
    52 | D:1      | Found Arerhuoxepp's Antique Armour Shop.
   228 | D:1      | Found a faded altar of an unknown god.
   234 | D:1      | Got Plato's Lectures on Envenoming
   255 | D:1      | Reached XP level 2. HP: 27/27 MP: 2/2
   989 | D:2      | Reached skill level 3 in Axes
  1056 | D:2      | Found the +15 Maxwell's patent armour {-Cast -Tele rElec
                  | Will+ rCorr}
  1133 | D:2      | Reached XP level 3. HP: 32/33 MP: 3/3
  1883 | D:3      | Reached skill level 4 in Axes
  2055 | D:3      | Reached XP level 4. HP: 37/40 MP: 4/4
  2304 | D:3      | Noticed a black bear
  2310 | D:3      | Killed a black bear
  2311 | D:3      | Reached skill level 5 in Axes
  2311 | D:3      | Reached XP level 5. HP: 28/47 MP: 1/5
  2762 | D:4      | Noticed an ogre
  2819 | D:4      | Reached XP level 6. HP: 43/53 MP: 3/6
  2991 | D:4      | Reached skill level 6 in Axes
  3341 | D:4      | Reached skill level 5 in Fighting
  3341 | D:4      | Reached skill level 5 in Armour
  3451 | D:4      | Found an ancient bone altar of Kikubaaqudgha.
  3542 | D:4      | Reached skill level 7 in Axes
  3542 | D:4      | Reached XP level 7. HP: 42/61 MP: 4/7
  3706 | D:5      | Entered Level 5 of the Dungeon
  3798 | D:5      | Noticed Edmund
  3816 | D:5      | Killed Edmund
  3817 | D:5      | Reached skill level 8 in Axes
  4058 | D:5      | Noticed Eustachio
  4078 | D:5      | Killed Eustachio
  4079 | D:5      | Reached XP level 8. HP: 48/69 MP: 6/8
  4130 | D:5      | Reached skill level 9 in Axes
  4132 | D:5      | Reached skill level 1 in Throwing
  4254 | D:5      | Found a blossoming altar of Fedhas.
  4318 | D:5      | Noticed Blork the orc
  4346 | D:5      | Killed Blork the orc
  4476 | D:5      | Reached skill level 10 in Axes
  4892 | D:6      | Found an opulent altar of Gozag.
  4993 | D:6      | Noticed Maggie
  5006 | D:6      | HP: 1/69 [Maggie/+1 glaive of draining (8)]
  5006 | D:6      | Slain by Maggie

Illustrated notes

Levels and vault maps discovered:
D:1:      lightli_arrival_farm, layout_basic, serial_shops,
          nicolae_shop_hallway_plus, shapermc_ecumenical_altar_rom_forum,
          glass_columns_a
D:2:      layout_basic, serial_glass, glass_columns_b, glass_columns_a,
          hangedman_decor_push
D:3:      layout_basic, minmay_circle_x
D:4:      layout_basic, lemuel_zombie_altar_kikubaaqudgha
D:5:      layout_loops_ring, fedhas_ov_isle_minmay, uniq_blork_the_orc,
          uniq_edmund, uniq_eustachio
D:6:      layout_rooms, elyvilon_altar_3, overflow_temple_1_default,
          lemuel_round_altar, amethyst_overflow_temple_binary, enter_ossuary_2,
          nicolae_zen_rock_garden, uniq_menkaure, uniq_duvessa, uniq_maggie,
          uniq_grinder

Skill      XL: |  1  2  3  4  5  6  7  8 |
---------------+-------------------------+-----
Fighting       | 4 5 6 |  6.5
Axes           | 3 4 5 7 8 10 | 10.5
Armour         | 4 5 |  5.9
Shields        | 4 |  4.4
Throwing       | 2 |  2.2

Action                     |  1- 3 |  4- 6 |  7- 9 || total
---------------------------+-------+-------+-------++-------
  Melee: War axe           |   118 |   115 |   137 ||   370
  Throw: Stone             |       |     5 |       ||     5
         Dart              |       |       |    33 ||    33
    Use: Scroll            |       |     2 |       ||     2
         Potion            |       |       |     4 ||     4
   Stab: Invisible         |       |       |     1 ||     1
 Armour: Scale mail        |    10 |       |       ||    10
         Plate armour      |    73 |    73 |    72 ||   218
  Dodge: Dodged            |    31 |    39 |    46 ||   116
  Block: Buckler           |    26 |    29 |    31 ||    86
